Construct Section Command Post
Construct Platoon Command Post
Selects Air and Sea Battlegroup
Selects Commando Section Paradrop
Selects Commando Support Section Paradrop
Commando Support Section Paradrop
Construct Company Command Post
6-pounder Anti-tank Gun Team
Unlock M3 Grant Medium Tanks
6-pounder Anti-tank Gun Team
6-pounder Anti-tank Gun Team
Commando Support Section Paradrop
Selects Anti-tank Rocket Loiter
Commando Section Paradrop
Commando Section Paradrop
Selects Naval Bombardment